 Dungeon Crawl Stone Soup version 0.30-a0-371-gad7725a93e (webtiles) character file.

Game seed: 11784273083163424097

55 Haldmier the Slasher (level 3, -2/28 (29) HPs)
             Began as a Demigod Reaver on Nov 22, 2022.
             Slain by an orc
             ... wielding a +0 hand axe
              (7 damage)
             ... on level 3 of the Dungeon.
             The game lasted 00:08:54 (2090 turns).

Haldmier the Slasher (Demigod Reaver)               Turns: 2090, Time: 00:08:55

HP:   -2/28 (29)    AC:  3    Str: 13    XL:     3   Next: 45%
MP:   8/8           EV: 12    Int: 15    God:
Gold: 118           SH:  0    Dex: 16    Spells: 2/5 levels left

rFire   . . .      SeeInvis .    a - +0 falchion
rCold   . . .      Faith    .    (no shield)
rNeg    . . .      Spirit   .    b - +0 leather armour
rPois   .          Reflect  .    (no helmet)
rElec   .          Harm     .    (no cloak)
rCorr   .          Rampage  .    (no gloves)
Will    .....                    (no boots)
Stlth   +.........               (no amulet)
HPRegen 0.24/turn                (no ring)
MPRegen 0.11/turn                (no ring)

@: about to teleport, lightly drained
A: high MP 1, forlorn, divine attributes
a: no special abilities


You were on level 3 of the Dungeon.
You visited 1 branch of the dungeon, and saw 3 of its levels.

You collected 118 gold pieces.

Inventory:

Hand Weapons
 a - a +0 falchion (weapon)
Missiles
 c - 25 stones (quivered)
Armour
 b - a +0 leather armour (worn)
 g - a +0 ring mail
Jewellery
 e - a ring of flight
Wands
 n - a wand of flame (42)
Scrolls
 d - 3 scrolls of identify {unknown}
 k - a scroll of fear {unknown}
 l - a scroll of fog {unknown}
Potions
 h - a potion of brilliance {unknown}
 i - a potion of magic {unknown}
 m - a potion of ambrosia {unknown}


   Skills:
 + Level 2.2 Fighting
 * Level 3.3 Long Blades
 + Level 2.2 Dodging
 - Level 1.7 Spellcasting
 + Level 3.0 Conjurations
 + Level 0.5 Translocations


You had 2 spell levels left.
You knew the following spells:

 Your Spells              Type           Power      Damage    Failure   Level
a - Kiss of Death         Conj/Necr      20%        2d7       16%         1
b - Momentum Strike       Conj/Tloc      12%        3d8       21%         2

Your spell library contained the following spells:

 Spells                   Type           Power      Damage    Failure   Level
 Hailstorm                Conj/Ice       5%         3d4       43%         3
 Portal Projectile        Hex/Tloc       4%         N/A       61%         3
 Call Canine Familiar     Summ           1%         N/A       65%         3
 Leda's Liquefaction      Hex/Erth       0%         N/A       96%         4


Dungeon Overview and Level Annotations

Branches:
Dungeon (3/15)


Innate Abilities, Weirdness & Mutations

You have an increased reservoir of magic. (+10% MP)
You shall have no god before yourself.
Your divine heritage dramatically boosts your attributes as you level up.


Message History

The orc shouts!
You hear a shout! x2
An orc comes into view. It is wielding a +0 mace.
You hit the orc.
The orc is moderately wounded.
The orc hits you but does no damage. The orc closely misses you.
You slash the orc!
You kill the orc!
An orc comes into view. It is wielding a +0 hand axe.
You barely miss the orc. The orc hits you with a +0 mace.
You hit the orc.
The orc is heavily wounded.
The orc completely misses you.
You closely miss the orc.
The orc is heavily wounded.
The orc hits you with a +0 mace.
You barely miss the orc.
The orc is heavily wounded.
The orc hits you but does no damage.
You closely miss the orc.
The orc is heavily wounded.
The orc hits you with a +0 mace.
You closely miss the orc.
The orc is heavily wounded.
The orc hits you with a +0 mace. The orc hits you with a +0 mace!
Found a scroll labelled OPROUPH YFOAMO.
The orc attacks as you move away! The orc closely misses you.
An adder comes into view.
As you read the scroll labelled LACEDI FEY, it crumbles to dust.
You feel aware of your surroundings.
You sensed 2 altars.
It was a scroll of magic mapping.
The adder hisses angrily.
The orc hits you with a +0 mace.
* * * LOW HITPOINT WARNING * * *
Okay, then.
As you read the scroll labelled HYMIME QOFAEST, it crumbles to dust.
You feel strangely unstable.
It was a scroll of teleportation.
The orc hits you with a +0 mace.
* * * LOW HITPOINT WARNING * * *
The orc hits you with a +0 hand axe!
You die...

## **..,** *,,,,,* .#
##.....## *.....#
.###.......## *.....*
............#**#...##
............+,,...?.*
.##.........#**#...##*###
.##........#* #....,,..#
.##.......## #S.#***#.#
#..........## #@o### #)#
............# #o...# #o#
#.####..#...# ##.#.# #.#
..#*##..##..# #.#.###.#
...##...###.# #...o...#
#....._.###.# ###.#####
....#.......#######.###
#..####...............#
#.[,**#..#.##########.#


You could see an adder and 2 orcs.

Vanquished Creatures
  An iguana (D:2)
  An adder (D:2)
  A dart slug (D:3)
  An orc (D:3)
  2 bats
  4 endoplasms
  A giant cockroach (D:2)
  3 goblins (D:1)
  5 hobgoblins
  4 kobolds
  3 quokkas
  5 ball pythons
  2 frilled lizards (D:1)
  5 rats
  A spectral hobgoblin (D:2)
39 creatures vanquished.

Vanquished Creatures (others)
  An adder (D:2)
1 creature vanquished.

Grand Total: 40 creatures vanquished

Notes
Turn   | Place    | Note
-------+----------+-------------------------------------------
     0 | D:1      | Haldmier the Demigod Reaver began the quest for the Orb.
     0 | D:1      | Reached XP level 1. HP: 17/17 MP: 5/5
   477 | D:1      | Reached XP level 2. HP: 23/23 MP: 7/7
   491 | D:1      | Learned a level 2 spell: Momentum Strike
  1126 | D:2      | Reached XP level 3. HP: 21/29 MP: 8/8
  2090 | D:3      | Slain by an orc

Illustrated notes

Levels and vault maps discovered:
D:1:      eino_arrival_cavern_a, layout_loops_cross
D:2:      layout_loops_ring, basic_altar,
          dreamdust_ecumenical_altar_drowned_temple
D:3:      layout_loops_corners, trog_three_pillars_becter, lemuel_crystal_altar,
          mainiacjoe_overflow_surrounded_room, nicolae_hepliaklqana_hazy_memory,
          minmay_liquid_box, serial_bayou_pond_d, minivault_11,
          kennysheep_jessica_study

Skill      XL: |  1  2 |
---------------+-------+-----
Fighting       | 2 |  2.2
Long Blades    | 3 |  3.3
Dodging        | 2 |  2.2
Conjurations   | 3 |  3.0
Spellcasting   | |  1.7
Translocations | |  0.5

Action                   || total
-------------------------++-------
Melee: Falchion          ||   110
       Punch             ||     1
Throw: Stone             ||     8
 Cast: Kiss of Death     ||     1
       Momentum Strike   ||     3
  Use: Scroll            ||     2
Armor: Leather armour    ||    20
Dodge: Dodged            ||    53

Table legend: (Time is in decaauts)
 A = Elapsed time spent in this place.
 B = Non-inter-level travel time spent in this place.
 C = Inter-level travel time spent in this place.
 D = Time resting spent in this place.
 E = Time spent auto-exploring this place.
 F = Levels seen in this place.
 G = Mean time per level.
                   A        B        C        D        E       F      G
               +--------+--------+--------+--------+--------+-----+--------+
         Total |   2112 |   2052 |     60 |    292 |   1180 |   3 |  704.0 |
       Dungeon |   2112 |   2052 |     60 |    292 |   1180 |   3 |  704.0 |
               +--------+--------+--------+--------+--------+-----+--------+

Top non-repeatable levels by time:
     D:1: 1043 daAuts
     D:2: 814 daAuts
     D:3: 253 daAuts
